 Dungeon Crawl Stone Soup version 0.20-a0-559-g895a516 (webtiles) character file.

4456 AlphabetPasta the Grasshopper (level 10, 0/88 HPs)
             Began as a Naga Warper on Feb 4, 2017.
             Was a Priest of Cheibriados.
             Slain by Gastronok (30 damage)
             ... on level 8 of the Dungeon on Feb 5, 2017.
             The game lasted 01:12:06 (10026 turns).

AlphabetPasta the Grasshopper (Naga Warper)        Turns: 10026, Time: 01:12:06

Health: 0/88       AC: 11    Str: 22    XL:     10   Next: 37%
Magic:  25/26      EV: 11    Int: 23    God:    Cheibriados [***...]
Gold:   372        SH:  0    Dex: 17    Spells: 9/19 levels left

rFire    + . .     SeeInvis +   t - +2 war axe (curse)
rCold    . . .     Gourm    .   N - +0 ring mail {rF+}
rNeg     . . .     Faith    .   (no shield)
rPois    +         Spirit   .   J - +0 helmet
rElec    .         Reflect  .   u - +1 cloak
rCorr    .         Harm     .   s - +0 pair of gloves
MR       +....                  (no barding)
Stlth    +.........             (no amulet)
Regen    0.3/turn               (no ring)
                                n - ring of magical power

@: very slow
A: see invisible, deformed body, poison resistance, slowness 2, slow metabolism
1, spit poison 1, AC +3
a: Spit Poison, Bend Time, Temporal Distortion, Renounce Religion


You were on level 8 of the Dungeon.
You worshipped Cheibriados.
Cheibriados was most pleased with you.
You were not hungry.

You visited 2 branches of the dungeon, and saw 9 of its levels.

You collected 526 gold pieces.
You spent 154 gold pieces at shops.

Inventory:

Hand Weapons
 a - a +1 hand axe
 h - a cursed -2 dire flail
 t - a cursed +2 war axe (weapon)
 A - a +0 flail
Missiles
 e - 3 tomahawks of dispersal
 w - 4 steel javelins
 B - 4 tomahawks (quivered)
 O - 4 steel tomahawks
Armour
 b - a +0 leather armour
 g - a +0 ring mail
 s - a +0 pair of gloves (worn)
 u - a +1 cloak (worn)
 J - a +0 helmet (worn)
 N - a +0 ring mail of fire resistance (worn)
Jewellery
 n - a ring of magical power (left hand)
 o - an uncursed ring of ice
 q - an uncursed ring of ice
 P - an uncursed amulet of harm {unknown}
Wands
 x - a wand of flame (13/48)
 D - a wand of paralysis (3/24)
 L - a wand of enslavement (1/24)
 M - a wand of polymorph (0/24)
Scrolls
 d - 4 scrolls of blinking
 k - a scroll of summoning
 m - 3 scrolls of amnesia
 p - 3 scrolls of remove curse
 y - a scroll of enchant weapon
 H - a scroll of magic mapping
Potions
 i - 2 potions of brilliance
 l - a potion of cure mutation
 z - a potion of resistance {unknown}
 C - a potion of cancellation {unknown}
 E - 2 potions of curing
 G - a potion of degeneration {unknown}
 I - 2 potions of magic {unknown}
Books
 c - a book of Spatial Translocations

   Spells                             Type                      Level
   a - Blink                          Translocation                2
   b - Shroud of Golubria             Charms/Translocation         2
   c - Lesser Beckoning               Translocation                3
   d - Portal Projectile              Translocation                3
   e - Teleport Other                 Translocation                3
   f - Passage of Golubria            Translocation                4
Comestibles
 f - 11 bread rations
 j - 2 royal jellies
 r - 3 meat rations
 K - 6 fruits


   Skills:
 + Level 5.5 Fighting
 * Level 7.2 Axes
 - Level 0.8 Throwing
 + Level 3.7 Armour
 + Level 4.3 Dodging
 + Level 5.1 Spellcasting
 - Level 2.0 Charms
 * Level 7.4 Translocations
 - Level 3.3 Invocations
 + Level 3.0 Evocations


You had 9 spell levels left.
You knew the following spells:

 Your Spells              Type           Power        Failure   Level  Hunger
a - Blink                 Tloc           N/A          1%          2    None
b - Shroud of Golubria    Chrm/Tloc      ####......   3%          2    None
c - Teleport Other        Tloc           #####...     1%          3    ##.....
d - Lesser Beckoning      Tloc           #####.....   1%          3    ##.....


Dungeon Overview and Level Annotations

Branches:
Dungeon (8/15)             Temple (1/1) D:5
   Lair: D:8-11

Altars:
Ashenzari
Cheibriados
Dithmenos
Elyvilon
Fedhas
Gozag
Hepliaklqana
Kikubaaqudgha
Makhleb
Nemelex Xobeh
Okawaru
Qazlal
Ru
Sif Muna
Trog
Uskayaw
Vehumet
Xom
Yredelemnul
Zin
The Shining One

Shops:
D:4 !   D:7 =

Annotations:
D:8 Gastronok


Innate Abilities, Weirdness & Mutations

You cannot wear boots.
Your serpentine skin is tough. (AC +3)
You have supernaturally acute eyesight. (SInv)
Armour fits poorly on your strangely shaped body.
Your system is resistant to poisons. (rPois)
You cover ground very slowly.
You have a slow metabolism.
You can spit poison.


Message History

Gastronok bites you!!
Your shroud falls apart!
You hit Gastronok.
Gastronok is moderately wounded.
Gastronok closely misses you.
You hit Gastronok.
Gastronok is moderately wounded.
You slash Gastronok!
Gastronok is moderately wounded.
Gastronok waves his eye-stalks in wide circles.
The air twists around and strikes you!
You hit Gastronok but do no damage.
Gastronok is moderately wounded.
You hit Gastronok.
Gastronok is moderately wounded.
Gastronok bites you!
You slash Gastronok!
Gastronok is moderately wounded.
Gastronok bites you!!
You die...

..............# #.#
........##.#'#######.#
##########.#.#.......#######
...........#.######......#
#########.##....# #.####.#
..............#.# #.#.##.#
#########...#.##.####.#....##
............#...w...#.#.....#
###.#####.#.####@##.#.......#
###.#...#.#.#.....#.##<.....#
........#.#.#.#####.######.######
#####.#..<#.#....................
#...#.#.#.#.#...###.######.#####.
#.#.#.#...#.#..#.......# #.#
#.#.#.#.#......#.##.##.# #.#
#.#.#.#........#.##.##.# #.#
#.#.#.########.#.##.##.# #.#


You could see Gastronok.

Vanquished Creatures
  Pikel (D:6)
  Psyche (D:8)
  Grinder (D:5)
  A hippogriff (D:7)
  A spriggan (D:7)
  An orc warrior (D:7)
  4 ice beasts
  A sky beast (D:8)
  A phantom (D:7)
  3 centaurs
  3 ogres
  A slave (D:6)
  A crocodile (D:6)
  4 bullfrogs
  A scorpion (D:5)
  9 killer bees (D:7)
  3 wights (D:6)
  3 howler monkeys
  2 crimson imps
  2 centaur zombies
  3 jellies
  A bullfrog skeleton (D:5)
  4 orc priests
  3 hounds
  7 orc wizards
  2 worker ants
  3 iguanas
  2 hound zombies
  A worker ant zombie (D:7)
  3 gnolls
  11 adders
  A shadow imp (D:6)
  2 oozes
  An adder zombie (D:2)
  2 worms
  2 dart slugs
  6 leopard geckos
  21 orcs
  4 ball pythons
  9 bats
  8 giant cockroaches
  7 hobgoblins
  10 jackals
  11 quokkas
  2 frilled lizards (D:2)
  4 goblins
  13 kobolds
  A leopard gecko skeleton (D:6)
  2 quokka zombies
  7 rats
197 creatures vanquished.

Vanquished Creatures (collateral kills)
  A hound (D:6)
1 creature vanquished.

Vanquished Creatures (others)
  A slave (D:6)
  A wight (D:6)
  An orc priest (D:6)
  An iguana (D:6)
  An orc wizard (D:6)
  An orc (D:6)
  A giant cockroach (D:6)
7 creatures vanquished.

Grand Total: 205 creatures vanquished

Notes
Turn   | Place    | Note
-------+----------+-------------------------------------------
     0 | D:1      | AlphabetPasta the Naga Warper began the quest for the Orb.
     0 | D:1      | Reached XP level 1. HP: 19/19 MP: 3/3
   193 | D:1      | Reached XP level 2. HP: 6/26 MP: 5/5
   367 | D:1      | Learned a level 2 spell: Blink
   370 | D:1      | Learned a level 2 spell: Shroud of Golubria
   838 | D:1      | Reached XP level 3. HP: 33/33 MP: 6/6
  1269 | D:2      | Reached XP level 4. HP: 39/40 MP: 7/7
  1274 | D:2      | Learned a level 3 spell: Teleport Other
  2042 | D:3      | Reached XP level 5. HP: 40/48 MP: 8/8
  2411 | D:3      | Reached skill level 1 in Armour
  2413 | D:3      | Reached XP level 6. HP: 24/56 MP: 10/10
  3353 | D:4      | Learned a level 3 spell: Lesser Beckoning
  3644 | D:4      | Found Imexe's Distillery.
  3653 | D:4      | Bought a potion of curing for 42 gold pieces
  3653 | D:4      | Bought a potion of berserk rage for 70 gold pieces
  3653 | D:4      | Bought a potion of lignification for 42 gold pieces
  3887 | D:4      | Reached skill level 1 in Evocations
  4314 | D:5      | Entered Level 5 of the Dungeon
  4326 | D:5      | Reached XP level 7. HP: 55/62 MP: 11/11
  4413 | D:5      | Reached skill level 1 in Charms
  4882 | D:5      | Noticed Grinder
  4895 | D:5      | Killed Grinder
  4895 | D:5      | Reached XP level 8. HP: 72/72 MP: 13/13
  5008 | D:5      | Found a staircase to the Ecumenical Temple.
  5014 | Temple   | Entered the Ecumenical Temple
  5026 | Temple   | Became a worshipper of Cheibriados the Contemplative
  5073 | D:5      | Upgraded the game from 0.20-a0-556-g892c87b to 0.20-a0-559-g895a516
  5154 | D:5      | Reached skill level 5 in Translocations
  5247 | D:5      | Reached skill level 5 in Axes
  5790 | D:6      | Noticed Pikel
  5821 | D:6      | Killed Pikel
  5821 | D:6      | Reached skill level 1 in Invocations
  5821 | D:6      | Reached XP level 9. HP: 49/79 MP: 14/14
  5912 | D:6      | Reached * piety under Cheibriados
  6373 | D:6      | Found a sacrificial altar of Ru.
  7089 | D:7      | Reached skill level 5 in Fighting
  7109 | D:7      | Reached ** piety under Cheibriados
  8230 | D:7      | Reached XP level 10. HP: 60/88 MP: 16/16
  8493 | D:7      | Found Iblelax's Jewellery Shop.
  9281 | D:8      | Reached *** piety under Cheibriados
  9281 | D:8      | Reached skill level 5 in Spellcasting
  9310 | D:8      | Noticed Psyche
  9318 | D:8      | Paralysed by Psyche for 4 turns
  9327 | D:8      | Killed Psyche
  9587 | D:8      | Noticed Gastronok
 10026 | D:8      | Slain by Gastronok

Vault maps used:
D:1:      scummos_arrival_forest
D:2:      wad_pebble_path, serial_undead, serial_undead_c, serial_undead_b,
          serial_undead_f, serial_undead_e
D:3:      minmay_misc_feat_roman
D:4:      first_bread, serial_shops, shop
D:5:      minmay_temple_entry_enclosed_plants, kennysheep_decorative_pillar,
          uniq_grinder
D:6:      hangedman_cross_stitches, nicolae_ru_path_of_blood, uniq_pikel
D:7:      kennysheep_spiral_hall, serial_shops, kennysheep_little_box,
          the_bakery
D:8:      uniq_gastronok, uniq_psyche
Temple:   nicolae_temple_the_god_donut

Skill      XL: |  1  2  3  4  5  6  7  8  9 10 |
---------------+-------------------------------+-----
Axes           | 3 4 5 6 7 |  7.2
Fighting       | 3 4 5 |  5.5
Armour         | 1 2 3 |  3.7
Dodging        | 2 3 4 |  4.3
Translocations | 4 5 7 |  7.4
Spellcasting   | 3 4 5 |  5.1
Evocations     | 1 2 3 |  3.0
Charms         | 1 2 |  2.0
Invocations    | 1 3 |  3.3
Throwing       | |  0.8

Action                   |  1- 3 |  4- 6 |  7- 9 | 10-12 || total
-------------------------+-------+-------+-------+-------++-------
Melee: Hand axe          |    54 |   147 |   218 |       ||   419
       War axe           |       |       |   126 |    97 ||   223
Throw: Tomahawk          |     2 |       |    10 |       ||    12
 Cast: Shroud of Golubri |       |     2 |    22 |    13 ||    37
       Blink             |       |       |     6 |       ||     6
       Teleport Other    |       |       |       |     3 ||     3
Invok: Bend Time         |       |       |     1 |       ||     1
 Abil: Spit Poison       |    34 |    56 |    55 |    18 ||   163
Evoke: Wand              |       |     6 |    13 |    11 ||    30
  Use: Scroll            |     5 |     7 |     9 |     1 ||    22
       Potion            |       |       |    10 |       ||    10
 Stab: Paralysed         |       |       |    24 |       ||    24
       Distracted        |       |       |     1 |       ||     1
       Invisible         |       |       |     2 |       ||     2
  Eat: Chunk             |     2 |    11 |     4 |     2 ||    19
       Royal jelly       |       |       |     2 |     1 ||     3
       Bread ration      |       |       |     1 |       ||     1
       Fruit             |       |       |     1 |       ||     1
Armor: Leather armour    |    11 |    39 |   141 |       ||   191
       Ring mail         |       |       |    11 |    51 ||    62
Dodge: Dodged            |    29 |    74 |   225 |    55 ||   383
